Map: Terraform LE (Void)

Players

BigStar

  • Race: Terran Terran
  • League: Master

Bakemonoda - Winner!

  • Race: Terran Terran
  • League: Master

VOD

Have the link to the VOD?

Description

Time

  • Played on: Oct. 29, 2015, 5:26 a.m.
  • Length: 14:15
Show
View Real Time Build Order
Export as new Build Order

BigStar Terran 

Build Orders: Reaper Expand 

Get SALT Encoding   

  12  0:00  SCV  
  13  0:13  SCV  
  14  0:17  Supply Depot  
  14  0:25  SCV  
  15  0:39  SCV  
  15  0:40  Barracks  
  16  0:45  Refinery  
  16  0:51  SCV  
  17  1:03  SCV  
  18  1:15  SCV  
  19  1:27  Orbital Command  
  19  1:28  Reaper  
  20  1:42  Command Center  
  20  1:54  SCV  
  20  1:57  Supply Depot  
  21  2:03  Marine  
  21  2:07  SCV  
  23  2:08  Factory  
  23  2:12  Refinery  
  23  2:23  SCV  
  23  2:27  Barracks Reactor  
  24  2:38  Supply Depot  
  24  2:39  Bunker  
  24  2:42  SCV  
  23  3:07  Marine x2  
  23  3:09  Hellion, Starport  
  25  3:14  SCV  
  26  3:25  Marine x2  
  26  3:33  SCV  
  25  3:39  Hellion  
  27  3:45  SCV, Marine x2  
  27  3:46  Medivac  
  32  3:57  SCV  
  33  4:05  Hellion  
  33  4:06  Marine x2  
  33  4:09  SCV  
  36  4:24  Marine x2  
  36  4:32  Hellion, Viking  
  36  4:36  Supply Depot  
  40  4:42  Marine x2  
  42  4:47  Orbital Command  
  42  4:59  Marine x2  
  42  5:02  Engineering Bay  
  44  5:19  Marine x2  
  44  5:20  Factory Tech Lab  
  46  5:35  Missile Turret  
  38  5:36  Orbital Command  
  38  5:43  SCV  
  38  5:48  Siege Tank  
  42  5:52  Missile Turret  
  42  5:54  Medivac  
  42  5:56  SCV  
  45  6:01  Marine  
  45  6:16  Marine  
  46  6:19  Marine  
  46  6:23  SCV x2  
  49  6:27  Terran Infantry Weapons Level 1  
  49  6:39  Siege Tank  
  52  6:44  Barracks  
  52  6:47  SCV, Barracks  
  51  6:51  SCV  
  51  6:53  Marine  
  51  6:54  Marine  
  55  7:04  Starport Reactor  
  55  7:05  SCV x2  
  56  7:21  Marine  
  56  7:22  Marine  
  58  7:24  SCV x2  
  58  7:27  Refinery  
  60  7:36  SCV x2  
  59  7:40  Barracks Tech Lab x2  
  59  7:47  Marine x2  
  59  7:48  SCV  
  62  7:53  SCV  
  62  7:59  Combat Shields  
  62  8:00  Stimpack  
  62  8:04  Supply Depot x2  
  62  8:08  Supply Depot  
  62  8:20  SCV x2, Marauder x2  
  62  8:25  Siege Tank, Marine x2  
  73  8:38  Medivac x2  
  76  8:55  Marauder x2, Marine x2  
  74  8:58  Siege Tank  
  78  9:05  Supply Depot  
  77  9:15  Marine x2  
  77  9:16  Medivac x2  
  77  9:17  Orbital Command  
  81  9:29  Marauder x2  
  81  9:31  Terran Infantry Armor Level 1, Supply Depot  
  85  9:35  Marine  
  85  9:36  Marine  
  87  9:40  Concussive Shells  
  87  9:50  Marine x2  
  89  9:54  Siege Tank  
  89  9:56  Orbital Command  
  92  10:03  Marine x2  
  94  10:08  Marauder  
  73  10:33  Marauder x2, Marine x2  
  59  10:38  SCV  
  59  10:39  SCV  
  61  10:50  Marine x2  
  61  10:55  Marine x2  
  61  10:56  Medivac x2  
  69  11:00  Siege Tank  
  72  11:08  Marine x2  
  74  11:12  Marine  
  74  11:13  Marine  
  76  11:26  Marine x2  
  76  11:30  Marine x2  
  80  11:35  Medivac x2  
  84  11:44  Marine x2  
  85  11:48  Marine x2  
  85  11:49  Siege Tank  
  90  12:02  Marine x2  
  90  12:06  Medivac, Marine x2  
  96  12:16  Medivac  
  96  12:19  Marine  
  96  12:20  Marine  
  100  12:24  Marine x2  
  101  12:37  Marine x2  
  101  12:41  Marine  
  101  12:42  Marine  
  99  12:55  Marine  
  99  12:56  Marine  
  97  12:59  Marine x2  
Show
View Real Time Build Order
Export as new Build Order

Bakemonoda Terran - Winner!

Build Orders: 1/1/1, Hellion Banshee, Mech 

Get SALT Encoding   

  12  0:01  SCV  
  13  0:13  SCV  
  14  0:17  Supply Depot  
  14  0:25  SCV  
  15  0:30  Refinery  
  15  0:41  Barracks  
  15  0:47  SCV  
  16  0:54  Refinery  
  16  0:59  SCV  
  17  1:11  SCV  
  18  1:24  SCV  
  19  1:29  Reaper  
  20  1:36  Factory  
  20  1:48  Orbital Command  
  20  1:55  Supply Depot  
  20  2:01  Reaper  
  21  2:21  Hellion  
  23  2:24  Starport  
  23  2:30  SCV  
  23  2:33  Supply Depot  
  23  2:35  Reaper  
  25  2:44  Hellion  
  27  2:54  SCV  
  28  3:07  Hellion  
  28  3:08  Reaper, Medivac  
  33  3:34  Hellion  
  35  3:43  Reaper, Starport Tech Lab  
  35  3:45  Command Center, SCV  
  35  3:48  Supply Depot  
  37  3:52  Supply Depot  
  37  3:58  Hellion  
  40  4:10  SCV  
  39  4:30  Reaper  
  39  4:31  Banshee, Hellion  
  44  4:32  Cloaking Field  
  44  4:33  SCV  
  45  4:56  Widow Mine  
  45  4:59  Orbital Command  
  47  5:01  SCV  
  48  5:09  Factory x2  
  46  5:18  Raven  
  48  5:22  Marine  
  42  5:42  Hellion, Marine  
  44  5:44  SCV  
  44  5:45  SCV  
  47  5:53  Command Center  
  47  5:59  Hellion x2  
  47  6:00  SCV x2  
  53  6:12  SCV, Hellion  
  54  6:23  Hellion  
  56  6:30  SCV x2  
  57  6:36  Siege Tank  
  57  6:38  Hellion, Medivac  
  64  6:40  Barracks Reactor  
  64  6:42  SCV  
  64  6:46  Hellion  
  67  6:48  SCV  
  68  6:54  SCV  
  68  7:01  SCV, Supply Depot x2  
  70  7:05  Hellion  
  70  7:06  SCV x2  
  74  7:13  SCV  
  75  7:17  Hellion, Siege Tank  
  80  7:24  Orbital Command  
  80  7:26  SCV x2  
  80  7:28  Hellion  
  84  7:33  Barracks Reactor  
  84  7:38  SCV x2  
  84  7:41  Armory  
  84  7:42  Hellion  
  84  7:43  Viking x2  
  92  7:47  Refinery  
  92  7:50  SCV  
  95  7:51  Hellion  
  95  7:56  Siege Tank  
  98  7:59  SCV x2  
  100  8:10  Armory  
  100  8:21  Supply Depot  
  100  8:30  SCV  
  101  8:42  SCV, Viking, Marine  
  101  8:43  Hellion x2  
  101  8:47  SCV x2  
  101  8:48  Hellion  
  109  8:54  SCV  
  100  8:57  Siege Tank  
  100  9:00  SCV x2  
  105  9:15  Hellion x3, Viking x2  
  107  9:17  SCV  
  107  9:20  Orbital Command  
  107  9:24  Barracks x2  
  108  9:25  Barracks  
  108  9:26  Barracks  
  108  9:27  Refinery  
  108  9:38  Barracks Tech Lab  
  108  9:45  Supply Depot x2  
  108  9:53  SCV  
  109  10:06  SCV, Siege Tank  
  109  10:07  SCV, Hellion x3, Viking, Marauder  
  117  10:08  Stimpack  
  117  10:10  Supply Depot  
  117  10:12  Supply Depot  
  117  10:13  Supply Depot  
  124  10:17  Marine  
  125  10:23  Marine x2  
  86  10:37  Marauder, Marine x2  
  86  10:40  Hellion x2, Siege Tank  
  86  10:41  Marine  
  98  10:47  Factory Tech Lab, Marine  
  98  10:49  Medivac x2  
  103  10:54  Supply Depot, Engineering Bay x2  
  103  10:55  Supply Depot, Marine  
  103  10:56  Supply Depot  
  104  10:59  Marauder  
  104  11:03  Marine x2  
  108  11:05  Marine  
  108  11:10  Hellion  
  108  11:11  Hellion, Siege Tank  
  113  11:12  SCV  
  113  11:13  SCV x2, Marine  
  113  11:17  Siege Tank  
  123  11:20  Marauder  
  123  11:22  Terran Infantry Weapons Level 1  
  125  11:26  Marine x3  
  125  11:30  Marine  
  129  11:35  Missile Turret  
  129  11:36  Missile Turret  
  129  11:40  Missile Turret  
  129  11:41  Missile Turret  
  129  11:42  Missile Turret x2  
  129  11:45  Missile Turret  
  129  11:48  Marine x2  
  129  11:49  Marine x2, Marauder  
  129  11:50  Hellion  
  129  11:51  Hellion, Siege Tank  
  129  11:52  Supply Depot  
  129  11:53  Siege Tank  
  145  11:55  SCV  
  145  11:56  SCV  
  147  12:02  Medivac x2  
  151  12:12  Marauder, Marine x3  
  151  12:13  Marine  
  151  12:14  Refinery  
  157  12:22  Refinery  
  157  12:25  Combat Shields  
  157  12:30  Marine x2  
  159  12:46  Marauder, Marine x2  
  159  12:48  Marine  
  146  13:04  Marine  
  138  13:05  Marine  
  138  13:07  Hellion, Marauder  
  140  13:21  Marine  
  139  13:29  Marauder  
  139  13:36  Starport x2  
  139  13:37  Siege Tank  
  139  13:38  Medivac x2  
  139  13:40  SCV x3  
  139  13:50  Marauder  
  139  13:52  SCV  
Tags
 
Add a new tag
Caveats
  • Supply blocks, unpowered buildings, or Contaminate may cause inaccurate times.
  • Supply counts are checked every 10 seconds.